 Dungeon Crawl Stone Soup version 0.25-a0-294-gea9b1ad378 (webtiles) character file.

Game seed: 2686279486176204074, levelgen mode: classic

401 Borgoz the Slasher (level 6, -4/38 HPs)
             Began as a Gargoyle Gladiator on Dec 19, 2019.
             Slain by a wight
             ... wielding a cursed +3 halberd
              (7 damage)
             ... on level 4 of the Dungeon.
             The game lasted 00:04:05 (2584 turns).

Borgoz the Slasher (Gargoyle Gladiator)             Turns: 2584, Time: 00:04:06

Health: -4/38      AC:  8    Str: 17    XL:     6   Next: 85%
Magic:  6/6        EV: 13    Int:  9    God:
Gold:   135        SH:  0    Dex: 13    Spells: 5/5 levels left

rFire    . . .     SeeInvis .   a - +0 long sword
rCold    . . .     Gourm    .   (no shield)
rNeg     + . .     Faith    .   b - +0 leather armour
rPois    ∞         Spirit   .   c - +0 helmet
rElec    +         Reflect  .   (no cloak)
rCorr    .         Harm     +   (no gloves)
MR       .....                  (no boots)
Stlth    +.........             g - amulet of harm
HPRegen  0.12/turn              (no ring)
MPRegen  0.10/turn              (no ring)

@: no status effects
A: negative energy resistance 1, electricity resistance, unbreathing,
petrification resistance, rot immunity, AC +4
a: no special abilities


You were on level 4 of the Dungeon.
You were not hungry.

You visited 1 branch of the dungeon, and saw 4 of its levels.

You collected 135 gold pieces.

Inventory:

Hand Weapons
 a - a +0 long sword (weapon)
Missiles
 d - 2 throwing nets (quivered)
Armour
 b - a +0 leather armour (worn)
 c - a +0 helmet (worn)
Jewellery
 g - an amulet of harm (around neck)
Wands
 e - a wand of iceblast (10)
Scrolls
 h - 2 scrolls of teleportation {unknown}
 j - 4 scrolls of remove curse {unknown}
 k - 2 scrolls of amnesia {unknown}
 o - a scroll of enchant armour {unknown}
 r - a scroll of fog {unknown}
 u - a scroll of magic mapping {unknown}
Potions
 l - a potion of curing
 m - a potion of haste
 n - a potion of brilliance
 p - a potion of magic
 t - 2 potions of lignification {unknown}
Comestibles
 f - 7 rations


   Skills:
 + Level 3.9 Fighting
 * Level 4.7 Long Blades
 - Level 1.7 Throwing
 + Level 3.1 Armour
 + Level 3.4 Dodging


You had 5 spell levels left.
You didn't know any spells.
Your spell library contained the following spells:

 Spells                   Type           Power        Failure   Level  Hunger
 Magic Dart               Conj           #...         43%         1    ##.....
 Blink                    Tloc           N/A          58%         2    ###....
 Call Imp                 Summ           #.......     58%         2    ###....
 Slow                     Hex            #.......     58%         2    ###....
 Conjure Flame            Conj/Fire      #.......     82%         3    ####...
 Mephitic Cloud           Conj/Pois/Air  #.......     82%         3    ####...


Dungeon Overview and Level Annotations

Branches:
Dungeon (4/15)
 Temple: D:4-7

Altars:
Elyvilon
Makhleb
Uskayaw
Zin


Innate Abilities, Weirdness & Mutations

You are resistant to torment.
Your stone body is resilient. (AC +4)
You are immune to poison.
You resist negative energy. (rN+)
You are resistant to electric shocks. (rElec)
You can survive without breathing.
You are immune to petrification.
You are immune to rotting.


Message History

The wight hits you with a +3 long sword.
The wight hits you with a cursed +3 halberd!
* * * LOW HITPOINT WARNING * * *
Items here: )) [[ a +2 great sword; a +0 robe; a cursed +0 battleaxe; a +0 robe The wight misses you.
You hit the wight but do no damage. The wight barely misses you.
The wight hits you from afar with a cursed +3 halberd!
* * * LOW HITPOINT WARNING * * *
You feel much better. The wight misses you.
The wight hits you from afar with a cursed +3 halberd.
You barely miss the wight.
The wight hits you with a +3 long sword.
* * * LOW HITPOINT WARNING * * *
The wight hits you but does no damage.
There is a stone staircase leading up here.
The wight hits you with a +3 long sword!
* * * LOW HITPOINT WARNING * * *
The wight hits you from afar with a cursed +3 halberd.
You die...

..# . # #.# ..#.# #.#
...#.#####.# ......##.#
#.##.##.# #.......## ##+#
####@.....# ##...#
#.zz......#
##.....##z##..##..#
#.......#)##...#..#
.........z##......########
..........................
..........#.......########
........#.#.#..#.##
.#.....##........#


You could see 3 wights.

Vanquished Creatures
  An ice beast (D:3)
  2 wights (D:4)
  An orc wizard (D:3)
  Natasha (thrice) (D:3)
  3 adders
  3 oozes
  A worm (D:3)
  3 leopard geckos
  5 orcs
  4 giant cockroaches
  4 goblins (D:1)
  12 hobgoblins
  12 jackals (D:1)
  4 kobolds
  3 quokkas
  A ball python (D:2)
  5 bats
  2 frilled lizards
  6 rats
75 creatures vanquished.

Notes
Turn   | Place    | Note
-------+----------+-------------------------------------------
     0 | D:1      | Borgoz the Gargoyle Gladiator began the quest for the Orb.
     0 | D:1      | Reached XP level 1. HP: 12/12 MP: 1/1
    28 | D:1      | Reached XP level 2. HP: 14/18 MP: 2/2
    36 | D:1      | Reached skill level 3 in Long Blades
    99 | D:1      | Reached skill level 1 in Armour
   281 | D:1      | Reached XP level 3. HP: 22/22 MP: 3/3
   699 | D:2      | Found a white marble altar of Elyvilon.
   718 | D:2      | Found a burning altar of Makhleb.
   755 | D:2      | Reached XP level 4. HP: 22/27 MP: 4/4
   792 | D:2      | Found a hide-covered altar of Uskayaw.
  1020 | D:2      | Found a glowing silver altar of Zin.
  1341 | D:3      | Noticed Natasha
  1350 | D:3      | Killed Natasha
  1350 | D:3      | Reached XP level 5. HP: 17/32 MP: 5/5
  1512 | D:3      | Noticed an ice beast
  1540 | D:3      | Killed an ice beast
  1540 | D:3      | Reached skill level 4 in Long Blades
  1785 | D:3      | Reached XP level 6. HP: 26/37 MP: 6/6
  1886 | D:3      | Noticed Natasha
  1897 | D:3      | Killed Natasha
  2250 | D:3      | Noticed Natasha
  2264 | D:3      | Killed Natasha
  2578 | D:4      | HP: 1/38 [wight/cursed +3 halberd (9)]
  2584 | D:4      | Slain by a wight

Levels and vault maps discovered:
D:1:      eino_arrival_tree_alley, layout_rooms
D:2:      layout_basic, zin_academy, grunt_temple_overflow_open, minivault_27,
          serial_bayou_lake_a
D:3:      layout_rooms, due_unseen_surprise, uniq_natasha
D:4:      layout_loops_corners, old_standard_altar, first_ration,
          minmay_splitting_lines

Skill      XL: |  1  2  3  4  5  6 |
---------------+-------------------+-----
Long Blades    | 3 4 |  4.7
Armour         | 1 2 3 |  3.1
Fighting       | 3 |  3.9
Dodging        | 3 |  3.4
Throwing       | |  1.7

Action                   |  1- 3 |  4- 6 || total
-------------------------+-------+-------++-------
Melee: Long sword        |   106 |   153 ||   259
Throw: Throwing net      |       |     7 ||     7
  Use: Scroll            |       |     5 ||     5
       Potion            |       |     4 ||     4
 Stab: Held in net/web   |       |     2 ||     2
  Eat: Chunk             |       |     6 ||     6
Armor: Leather armour    |    65 |    70 ||   135
Dodge: Dodged            |    95 |   123 ||   218
       Rpst.: Long sword |    23 |    27 ||    50

Table legend:
 A = Non-vault XP
 B = Vault XP
 C = Vault XP percentage of total XP
 D = Non-vault monster count
 E = Vault monster count
 F = Vault count percentage of total count
                 A         B        C        D         E       F
            +---------+---------+-------+---------+---------+-------
      Total |     537 |      36 |   6.3 |      74 |       1 |   1.3
            +---------+---------+-------+---------+---------+-------
        D:1 |      62 |       0 |   0.0 |      33 |       0 |   0.0
        D:2 |      67 |       0 |   0.0 |      22 |       0 |   0.0
        D:3 |     292 |      36 |  11.0 |      17 |       1 |   5.6
        D:4 |     116 |       0 |   0.0 |       2 |       0 |   0.0
            +---------+---------+-------+---------+---------+-------
